 Dungeon Crawl Stone Soup version 0.27.0-65-ge2af304b15 (webtiles) character file.

Game seed: 15381226808138178796

16513 SkeletonJelly the Carver (level 12, -2/108 HPs)
             Began as a Pale Draconian Monk on Aug 18, 2021.
             Was a High Priest of Nemelex Xobeh.
             Succumbed to barbed spike wounds
             ... on level 11 of the Dungeon.
             The game lasted 00:39:53 (12622 turns).

SkeletonJelly the Carver (Pale Draconian Monk)     Turns: 12622, Time: 00:39:53

Health: -2/108     AC: 12    Str: 17    XL:     12   Next: 10%
Magic:  12/12      EV: 16    Int: 11    God:    Nemelex Xobeh [*****.]
Gold:   754        SH:  0    Dex: 15    Spells: 11/11 levels left

rFire    . . .     SeeInvis .   B - +4 scimitar (flame)
rCold    + . .     Faith    .   (no shield)
rNeg     . . .     Spirit   .   (armour unavailable)
rPois    .         Reflect  .   (helmet restricted)
rElec    .         Harm     .   z - +2 cloak
rCorr    .         Rampage  .   (no gloves)
Will     .....                  y - +0 pair of boots
Stlth    ++........             (no amulet)
HPRegen  0.28/turn              D - ring of protection from cold
MPRegen  0.13/turn              s - ring of flight

@: spiked, flying
A: breathe steam, AC +8, unfitting armour, cold-blooded, steam resistance
a: Breathe Steam, Renounce Religion, Draw Escape, Draw Destruction, Draw
Summoning, Triple Draw, Deal Four, Stack Five


You were on level 11 of the Dungeon.
You worshipped Nemelex Xobeh.
Nemelex Xobeh was extremely pleased with you.
You visited 1 branch of the dungeon, and saw 12 of its levels.

You collected 754 gold pieces.

Inventory:

Hand Weapons
 a - a +0 falchion
 u - a +1 scimitar of pain
 B - a +4 scimitar of flaming (weapon)
 F - a +3 long sword
Missiles
 e - 15 poisoned darts
 M - 3 curare-tipped darts
Armour
 y - a +0 pair of boots (worn)
 z - a +2 cloak (worn)
Jewellery
 n - a ring of wizardry
 s - a ring of flight (right hand)
 D - a ring of protection from cold (left hand)
 H - a ring of wizardry
Wands
 v - a wand of mindburst (32)
 w - a wand of flame (40)
 x - a wand of acid (1)
 E - a wand of iceblast (15)
 G - a wand of paralysis (10)
Scrolls
 b - 3 scrolls of enchant weapon {unknown}
 c - 4 scrolls of fear {unknown}
 g - 11 scrolls of identify {unknown}
 h - 4 scrolls of amnesia {unknown}
 i - a scroll of brand weapon {unknown}
 k - 4 scrolls of noise
 m - 2 scrolls of enchant armour {unknown}
 o - 3 scrolls of vulnerability {unknown}
 q - a scroll of immolation {unknown}
 r - 5 scrolls of teleportation {unknown}
Potions
 d - 5 potions of curing
 f - 3 potions of cancellation
 j - a potion of ambrosia {unknown}
 l - 3 potions of haste {unknown}
 p - a potion of invisibility {unknown}
 t - 2 potions of lignification {unknown}
 A - a potion of mutation {unknown}
 C - 4 potions of heal wounds {unknown}
 I - 3 potions of might {unknown}
 J - a potion of magic {unknown}
 K - a potion of degeneration {unknown}
 L - a potion of resistance {unknown}


   Skills:
 + Level 10.6 Fighting
 - Level 5.9(10.9) Short Blades
 - Level 14.0(14.3) Long Blades
 + Level 8.3 Dodging
 - Level 2.4 Stealth


You had 11 spell levels left.
You didn't know any spells.
Your spell library contained the following spells:

 Spells                   Type           Power      Damage    Failure   Level
 Animate Skeleton         Necr           0%         N/A       34%         1
 Apportation              Tloc           0%         N/A       34%         1
 Corona                   Hex            0%         N/A       34%         1
 Summon Small Mammal      Summ           0%         N/A       34%         1
 Ensorcelled Hibernation  Hex/Ice        0%         N/A       47%         2
 Inner Flame              Hex/Fire       0%         N/A       71%         3
 Spider Form              Tmut/Pois      0%         N/A       71%         3
 Stone Arrow              Conj/Erth      0%         3d7       71%         3
 Animate Dead             Necr           0%         N/A       98%         4
 Cause Fear               Hex            0%         N/A       98%         4
 Fulminant Prism          Conj/Hex       0%         3d6       98%         4
 Iskenderun's Mystic Bla  Conj/Tloc      0%         2d3       98%         4
 Borgnjor's Vile Clutch   Necr/Erth      0%         N/A       100%        5
 Lee's Rapid Deconstruct  Erth           0%         3d5*      100%        5
 Death Channel            Necr           0%         N/A       100%        6
 Shadow Creatures         Summ           N/A        N/A       100%        6
 Discord                  Hex            0%         N/A       100%        8
 Lehudib's Crystal Spear  Conj/Erth      0%         10d2      100%        8
 Animate Armour           Summ/Erth      Unusable   N/A       N/A         4

Dungeon Overview and Level Annotations

Branches:
Dungeon (12/15)            Temple (0/1) D:6            Lair (0/6) D:9
    Orc (0/2) D:11

Altars:
Kikubaaqudgha
Makhleb
Nemelex Xobeh
Uskayaw
Vehumet
Yredelemnul
The Shining One
Beogh

Shops:
D:1 [   D:8 ?


Innate Abilities, Weirdness & Mutations

You can breathe blasts of scalding, opaque steam.
Your pale cyan-grey scales are hard. (AC +8)
You cannot fit into any form of body armour.
You are cold-blooded and may be slowed by cold attacks.
You are immune to the effects of steam.


Message History

The barbed spikes dig painfully into your body as you move.
You fly upwards.
There is a stone staircase leading down here.
You barely miss the cane toad. You tail-slap the cane toad.
The cane toad is moderately wounded.
The cane toad closely misses you. The anaconda grabs you.
The anaconda bites you but does no damage.
The anaconda constricts you. The cane toad stings you!!
You are too injured to fight recklessly!
You are too injured to fight recklessly!
You are too injured to fight recklessly!
You are too injured to fight recklessly!
You are too injured to fight recklessly!
You are too injured to fight recklessly!
You draw a card...
You have drawn the Rangers.
The anaconda misses you. The anaconda constricts you.
The moth of wrath goads the anaconda on!
The anaconda goes berserk!
The cane toad misses you.
You riposte.
You slash the cane toad! You burn the cane toad.
The cane toad is heavily wounded.
The anaconda bites you! The anaconda constricts you.
The moth of wrath bites you but does no damage.
You draw a card...
You have drawn the Swarm.
The anaconda bites you but does no damage.
The anaconda constricts you. The cane toad closely misses you.
The anaconda bites you but does no damage.
The anaconda constricts you. The cane toad misses you.
Your centaur warrior hits the moth of wrath.
Your centaur warrior kicks the moth of wrath.
The anaconda bites you but does no damage.
The anaconda constricts you. The moth of wrath barely misses you.
Your yaktaur wields a +0 arbalest.
Your yaktaur shoots a bolt.
The bolt hits the anaconda!!
Your yaktaur hits the moth of wrath!
The barbs in your skin will harm you if you move.
Continue?
You escape the anaconda's grasp.
The barbed spikes dig painfully into your body as you move.
The cane toad stings your killer bee!
Your killer bee is poisoned.
The cane toad poisons your killer bee!
Your killer bee stings the cane toad!
Your centaur warrior barely misses the moth of wrath.
Your centaur warrior kicks the moth of wrath.
Your killer bee stings the cane toad.
The anaconda grabs you. The anaconda bites you!
* * * LOW HITPOINT WARNING * * *
The anaconda constricts you.
* * * LOW HITPOINT WARNING * * *
The cane toad stings your killer bee.
Your killer bee stings the cane toad.
Your centaur warrior wields a +0 longbow.
Your centaur warrior shoots an arrow.
The arrow barely misses the cane toad.
The arrow barely misses the moth of wrath.
The arrow misses the anaconda.
Your killer bee stings the moth of wrath.
Your killer bee barely misses the cane toad.
As you read the scroll labelled ASKOMO ENOPN, it crumbles to dust.
You hear a loud clanging noise!
It was a scroll of noise.
Your killer bee dies!
Your killer bee's corpse disappears in a puff of smoke!
The anaconda bites you.
* * * LOW HITPOINT WARNING * * *
The anaconda constricts you.
* * * LOW HITPOINT WARNING * * *
The cane toad misses your killer bee. The anaconda bites you.
* * * LOW HITPOINT WARNING * * *
The anaconda constricts you.
* * * LOW HITPOINT WARNING * * *
Your killer bee stings the cane toad!
The cane toad is poisoned.
Your killer bee poisons the cane toad!
Your killer bee stings the cane toad.
Your yaktaur shoots a bolt.
The bolt hits the anaconda!!
The moth of wrath barely misses you.
You riposte.
You slash the moth of wrath! You burn the moth of wrath.
The moth of wrath is severely wounded.
Your centaur warrior shoots an arrow.
The arrow hits the cane toad!!
The cane toad dies!
The anaconda closely misses you. The anaconda constricts you.
* * * LOW HITPOINT WARNING * * *
Your killer bee barely misses the moth of wrath.
Your yaktaur hits the moth of wrath.
You escape the anaconda's grasp.
The barbed spikes dig painfully into your body as you move.
* * * LOW HITPOINT WARNING * * *
The anaconda grabs your killer bee.
The anaconda closely misses your killer bee.
The anaconda constricts your killer bee.
Your killer bee completely misses the moth of wrath.
Your killer bee stings the moth of wrath.
Your killer bee stings the anaconda.
The anaconda is poisoned.
Your killer bee poisons the anaconda!
Your yaktaur shoots a bolt.
The bolt misses the anaconda.
The bolt completely misses your killer bee.
The bolt hits you but does no damage.
The moth of wrath barely misses your killer bee.
The anaconda bites your killer bee!
The anaconda constricts your killer bee.
Your yaktaur hits the moth of wrath!
The moth of wrath dies!
The barbed spikes dig painfully into your body as you move.
You die...
Your body glows with a rainbow of weird colours and disappears.

..#......................#
..###.............#......#
..#...............###..###
..#.............####...#
..#..............# #...#
8###.............# #...##
...#.##..........####...###
####..#......y............#
.#....#<.....yc≈@≈≈.≈≈≈≈≈.#
......(.....c>y≈≈≈≈.≈≈≈≈≈.#
#.###........S.≈≈≈≈.≈≈≈≈≈.#
........##.c...≈≈≈≈.≈≈≈≈≈.#
....##...#.....≈≈≈≈.......#
.............#.......≈≈≈≈.#
......#........≈≈≈≈≈.≈≈≈≈.#
...............≈≈≈≈≈.≈≈≈≈.###
......)......#.≈≈≈≈≈.≈≈≈≈...##


You could see an anaconda (berserk, very poisoned, misshapen, ally target), a
friendly centaur warrior (summoned), 2 friendly yaktaurs and 3 friendly killer
bees.

Vanquished Creatures
  A hydra (D:11)
  Erica (D:8)
  2 two-headed ogres (D:9)
  Sonja (D:10)
  Pikel (D:8)
  2 orc knights (D:11)
  A cyclops (D:11)
  Joseph (D:7)
  Maurice (D:8)
  An unseen horror (D:11)
  4 trolls
  Prince Ribbit (D:7)
  2 wraiths
  A wyvern (D:9)
  A basilisk (D:11)
  13 yaks
  2 vampire mosquitoes (D:11)
  Menkaure (D:7)
  Edmund (D:6)
  An acid dragon (D:9)
  5 water moccasins
  4 orc warriors
  An ice beast (D:4)
  2 sky beasts (D:5)
  A black bear (D:4)
  A necrophage (D:7)
  3 ogres
  3 centaurs
  4 lemures
  A phantom (D:5)
  4 bullfrogs
  A gnoll sergeant (D:6)
  2 scorpions (D:6)
  3 water moccasin zombies
  9 killer bees
  A howler monkey (D:9)
  32 wights
  An electric eel (D:11)
  3 bullfrog zombies (D:6)
  2 orc priests
  5 centaur zombies
  A jelly (D:6)
  A hound (D:5)
  3 centaur skeletons
  2 iguanas (D:5)
  7 orc wizards
  A killer bee zombie (D:6)
  A hound skeleton (D:5)
  3 howler monkey zombies
  3 adders
  3 gnolls (D:6)
  2 white imps
  An ufetubus (D:7)
  A worm (D:3)
  3 dart slugs
  46 orcs
  7 endoplasms
  2 giant cockroaches
  8 goblins
  7 hobgoblins
  A jackal (D:2)
  2 quokkas
  7 ball pythons
  6 bats
  2 frilled lizards
  8 kobolds
  10 rats
265 creatures vanquished.

Vanquished Creatures (collateral kills)
  A death knight (D:10)
  A moth of wrath (D:11)
  A cane toad (D:11)
  2 yaks (D:9)
  A basilisk (D:9)
  An acid dragon (D:7)
  2 scorpions (D:9)
  A killer bee (D:9)
  A centaur zombie (D:8)
  An adder (D:4)
12 creatures vanquished.

Vanquished Creatures (others)
  2 fungi (D:9)
  16 plants (D:9)
18 creatures vanquished.

Grand Total: 295 creatures vanquished

Notes
Turn   | Place    | Note
-------+----------+-------------------------------------------
     0 | D:1      | SkeletonJelly the Draconian Monk began the quest for the
                  | Orb.
     0 | D:1      | Reached XP level 1. HP: 19/19 MP: 1/1
    67 | D:1      | Found Esu Punk's Armour Boutique.
   223 | D:1      | Reached XP level 2. HP: 22/26 MP: 2/2
  1083 | D:2      | Reached XP level 3. HP: 22/33 MP: 3/3
  1829 | D:2      | Found a sparkling altar of Nemelex Xobeh.
  1851 | D:2      | Became a worshipper of Nemelex Xobeh the Trickster
  1851 | D:2      | Reached * piety under Nemelex Xobeh
  1851 | D:2      | Received a gift from Nemelex Xobeh
  1851 | D:2      | Reached ** piety under Nemelex Xobeh
  1937 | D:2      | Reached XP level 4. HP: 39/40 MP: 4/4
  2359 | D:3      | Received a gift from Nemelex Xobeh
  2478 | D:3      | Noticed a bullfrog
  2478 | D:3      | a gnoll changed into a bullfrog
  2478 | D:3      | Noticed a centaur
  2478 | D:3      | a gnoll changed into a centaur
  2481 | D:3      | Killed a bullfrog
  2481 | D:3      | Killed a centaur
  2482 | D:3      | Reached skill level 5 in Long Blades
  2482 | D:3      | Reached XP level 5. HP: 38/46 MP: 5/5
  2832 | D:3      | Found a faded altar of an unknown god.
  2924 | D:3      | Reached XP level 6. HP: 52/52 MP: 6/6
  3016 | D:3      | Received a gift from Nemelex Xobeh
  3186 | D:4      | Reached *** piety under Nemelex Xobeh
  3234 | D:4      | Noticed a water moccasin
  3234 | D:4      | an orc priest changed into a water moccasin
  3235 | D:4      | Noticed an ice beast
  3235 | D:4      | a water moccasin changed into an ice beast
  3242 | D:4      | Killed an ice beast
  3243 | D:4      | Reached skill level 6 in Long Blades
  3343 | D:4      | Noticed an orc warrior
  3361 | D:4      | Killed an orc warrior
  3362 | D:4      | Reached skill level 7 in Long Blades
  3773 | D:4      | Your scales start taking on a pale cyan-grey colour.
  3773 | D:4      | Reached XP level 7. HP: 29/58 MP: 7/7
  3773 | D:4      | Gained mutation: You are immune to the effects of steam.
                  | [Pale Draconian growth]
  4324 | D:5      | Entered Level 5 of the Dungeon
  4469 | D:5      | Reached skill level 8 in Long Blades
  4686 | D:5      | Received a gift from Nemelex Xobeh
  4843 | D:5      | Identified the +1 leather armour "Zylot" {rElec rC+}
  4866 | D:5      | Reached skill level 9 in Long Blades
  4866 | D:5      | Reached XP level 8. HP: 59/66 MP: 8/8
  5149 | D:5      | Reached skill level 10 in Long Blades
  5341 | D:5      | Found a radiant altar of Vehumet.
  5341 | D:5      | Found a burning altar of Makhleb.
  5349 | D:5      | Found a faded altar of an unknown god.
  5351 | D:5      | Found a faded altar of an unknown god.
  5354 | D:5      | Found an ancient bone altar of Kikubaaqudgha.
  5509 | D:6      | Found a basalt altar of Yredelemnul.
  5525 | D:6      | Reached skill level 11 in Long Blades
  5684 | D:6      | Noticed Edmund
  5701 | D:6      | Killed Edmund
  5722 | D:6      | Found a staircase to the Ecumenical Temple.
  5734 | D:6      | Reached XP level 9. HP: 61/71 MP: 9/9
  6342 | D:7      | Noticed Maggie
  6352 | D:7      | Noticed Maggie
  6352 | D:7      | Maggie changed into Maggie the fire bat
  6357 | D:7      | Noticed Maggie
  6357 | D:7      | Maggie the fire bat changed into Maggie the acid dragon
  6358 | D:7      | Noticed Menkaure
  6722 | D:7      | Reached skill level 12 in Long Blades
  6734 | D:7      | Killed Menkaure
  6749 | D:7      | Killed Maggie the acid dragon
  7452 | D:7      | Reached **** piety under Nemelex Xobeh
  7715 | D:7      | Noticed Joseph
  7739 | D:7      | Killed Joseph
  7740 | D:7      | Reached skill level 13 in Long Blades
  8043 | D:7      | Received a gift from Nemelex Xobeh
  8072 | D:7      | Found a glowing golden altar of the Shining One.
  8123 | D:8      | Noticed Prince Ribbit
  8158 | D:7      | Killed Prince Ribbit
  8160 | D:7      | Reached XP level 10. HP: 54/78 MP: 10/10
  8289 | D:8      | Noticed Pikel
  8519 | D:8      | Killed Pikel
  8520 | D:8      | Reached skill level 14 in Long Blades
  8520 | D:8      | Reached skill level 1 in Short Blades
  8551 | D:8      | Noticed Erica
  8560 | D:8      | Killed Erica
  8561 | D:8      | Reached skill level 5 in Fighting
  8764 | D:8      | Found a hide-covered altar of Uskayaw.
  8828 | D:8      | Noticed Maurice
  8838 | D:8      | Killed Maurice
  9241 | D:8      | Found Tetwiroe's Magic Scroll Boutique.
  9622 | D:9      | Reached skill level 5 in Short Blades
  9640 | D:9      | Reached XP level 11. HP: 92/92 MP: 11/11
  9651 | D:9      | Found a staircase to the Lair.
  9653 | D:9      | Reached skill level 5 in Dodging
  9913 | D:9      | Noticed a two-headed ogre
  9918 | D:9      | Killed a two-headed ogre
 10085 | D:9      | Received a gift from Nemelex Xobeh
 10165 | D:9      | Noticed a two-headed ogre
 10168 | D:9      | Killed a two-headed ogre
 10767 | D:10     | Entered Level 10 of the Dungeon
 10781 | D:10     | Received a gift from Nemelex Xobeh
 10871 | D:10     | Noticed Sonja
 10876 | D:10     | Killed Sonja
 10877 | D:10     | Noticed a death knight
 10886 | D:10     | Killed a death knight
 10923 | D:10     | Reached ***** piety under Nemelex Xobeh
 11541 | D:11     | Received a gift from Nemelex Xobeh
 11553 | D:11     | Noticed a six-headed hydra
 11559 | D:11     | Killed a four-headed hydra
 11610 | D:11     | Reached skill level 10 in Fighting
 12185 | D:11     | Noticed an orc knight
 12191 | D:11     | Killed an orc knight
 12192 | D:11     | Reached XP level 12. HP: 97/107 MP: 9/12
 12194 | D:11     | Found a staircase to the Orcish Mines.
 12605 | D:12     | Noticed an anaconda
 12605 | D:12     | a slime creature changed into an anaconda
 12621 | D:11     | HP: 2/107 [barbs]
 12622 | D:11     | Succumbed to barbed spike wounds

Illustrated notes

Levels and vault maps discovered:
D:1:      minmay_arrival_shattered_statue, layout_loops_ring, serial_shops,
          nicolae_shop_stone
D:2:      minmay_spotlight, layout_loops_corners, minmay_hexomino_r4
D:3:      layout_loops_ring, shapermc_ecumenical_altar_acropolis,
          grunt_decor_mini_mirrors, st_stairs_4, kennysheep_generic_room_4
D:4:      black_bear_nest_1, layout_basic, dk_noncrumbling_4, minivault_5
D:5:      layout_loops_ring, chequers_temple_overflow_minitemple,
          minmay_splitting_lines, hangedman_decor_peaks_small
D:6:      layout_gridville, nicolae_yredelemnul_corpse_copse,
          minmay_temple_entry_mist, uniq_edmund
D:7:      layout_loops_cross, mainiacjoe_overflow_alcove_2, abandoned_shop,
          uniq_joseph, uniq_menkaure, uniq_maggie
D:8:      layout_basic, eat_drink_and_be_merry_uskayaw, serial_shops, shop,
          uniq_erica, uniq_maurice, uniq_pikel, uniq_prince_ribbit1
D:9:      layout_roguey, minmay_lair_entry_grove
D:10:     layout_gridville, uniq_sonja
D:11:     layout_cave_pools, david_orc_5, minivault_14
D:12:     layout_rooms, special_room [special_room_orc]

Skill      XL: |  1  2  3  4  5  6  7  8  9 10 11 |
---------------+----------------------------------+-----
Stealth        | 2 |  2.4
Dodging        | 3 4 8 |  8.3
Long Blades    | 5 7 9 11 13 14 | 14.0
Fighting       | 7 10 | 10.6
Short Blades   | 5 |  5.9

Action                   |  1- 3 |  4- 6 |  7- 9 | 10-12 || total
-------------------------+-------+-------+-------+-------++-------
Melee: Falchion          |   114 |    81 |   117 |       ||   312
       Tailslap          |    16 |    17 |    42 |    41 ||   116
       Scimitar          |       |       |    68 |   249 ||   317
Invok: Draw Destruction  |       |    14 |    10 |     9 ||    33
       Draw Summoning    |       |     1 |     2 |     6 ||     9
       Draw Escape       |       |       |     2 |     1 ||     3
       Triple Draw       |       |       |       |     1 ||     1
 Abil: Breathe Steam     |       |       |    56 |    38 ||    94
Evoke: Wand              |       |       |       |     9 ||     9
  Use: Potion            |       |       |     1 |     1 ||     2
       Scroll            |       |       |       |     1 ||     1
 Stab: Sleeping          |     4 |     2 |     2 |       ||     8
       Petrifying        |       |       |       |     2 ||     2
       Petrified         |       |       |       |     1 ||     1
Armor: Skin              |    33 |    49 |    63 |    77 ||   222
Dodge: Dodged            |    93 |    56 |   123 |   161 ||   433
       Rpst.: Falchion   |    34 |    15 |    34 |       ||    83
       Scimitar          |       |       |    11 |    34 ||    45
